 Dungeon Crawl Stone Soup version 0.17.1-3-g152610e (webtiles) character file.

174 Heskey the Skirmisher (level 5, 0/47 HPs)
             Began as a Hill Orc Fighter on Mar 18, 2016.
             Slain by eeldvark's ghost (4 damage)
             ... on level 6 of the Dungeon.
             The game lasted 00:04:18 (2095 turns).

Heskey the Skirmisher (Hill Orc Fighter)            Turns: 2095, Time: 00:04:18

Health: 0/47       AC:  8    Str: 20    XL:     5   Next: 54%
Magic:  5/5        EV: 12    Int:  8    God:
Gold:   203        SH:  9    Dex: 10    Spells: 0 memorised, 4 levels left

rFire  . . .     SeeInvis .     a - +0 war axe
rCold  . . .     Clarity  .     b - +0 scale mail
rNeg   . . .     SustAt   .     c - +0 shield
rPois  .         Gourm    .     (no helmet)
rElec  .         Spirit   .     u - +0 cloak
rCorr  .         Warding  .     (no gloves)
rMut   .         Rnd*Tele +     (no boots)
MR     .....                    (no amulet)
Stlth  ..........               j - ring of teleportation
                                h - +5 ring of evasion

@: not resistant to hostile enchantments, extremely unstealthy
A: no striking features
a: Evoke Teleportation


You were on level 6 of the Dungeon.
You were very hungry.

You visited 1 branch of the dungeon, and saw 4 of its levels.

You collected 203 gold pieces.

Inventory:

Hand Weapons
 a - a +0 war axe (weapon)
Armour
 b - a +0 scale mail (worn)
 c - a +0 shield (worn)
 u - a +0 cloak (worn)
Jewellery
 h - a +5 ring of evasion (left hand)
 j - a ring of teleportation (right hand)
Wands
 t - a wand of random effects (18)
 w - a wand of magic darts (19)
Scrolls
 k - 2 scrolls of blinking {unknown}
 l - 4 scrolls of identify {unknown}
 m - a scroll of remove curse
 p - a scroll of fear {unknown}
 q - a scroll of recharging {unknown}
 s - a scroll of random uselessness {unknown}
Potions
 d - a potion of might
 f - 3 potions of haste {unknown}
 i - a potion of resistance {unknown}
 n - 2 potions of flight {unknown}
 r - a potion of poison {unknown}
 x - a potion of heal wounds {unknown}
Books
 o - a book of Clouds

   Spells                             Type                      Level
   a - Mephitic Cloud                 Conjuration/Poison/Air       3
   b - Conjure Flame                  Conjuration/Fire             3
   c - Poisonous Cloud                Conjuration/Poison/Air       6
   d - Freezing Cloud                 Conjuration/Ice/Air          6
   e - Ring of Flames                 Charms/Fire                  7
Comestibles
 e - a bread ration
 g - a meat ration
 v - a royal jelly


   Skills:
 + Level 4.8 Fighting
 * Level 4.8 Axes
 + Level 4.3 Armour
 + Level 1.2 Dodging
 - Level 3.2 Shields


You had 4 spell levels left.
You didn't know any spells.

Dungeon Overview and Level Annotations

Branches:
Dungeon (6/15)
 Temple: D:4-7

Altars:
Gozag
Ru
Vehumet

Annotations:
D:6 eeldvark's ghost, novice DsWn


Message History

You block eeldvark's ghost's attack. x2
You closely miss eeldvark's ghost.
Eeldvark's ghost is almost destroyed.
Eeldvark's ghost hits you.
You hit eeldvark's ghost.
Eeldvark's ghost is almost destroyed.
Eeldvark's ghost hits you!
You closely miss eeldvark's ghost.
Eeldvark's ghost is almost destroyed.
Eeldvark's ghost hits you.
* * * LOW HITPOINT WARNING * * *
Eeldvark's ghost hits you but does no damage.
You slash eeldvark's ghost!
Eeldvark's ghost is almost destroyed.
Eeldvark's ghost hits you!
* * * LOW HITPOINT WARNING * * *
You barely miss eeldvark's ghost.
Eeldvark's ghost is almost destroyed.
Eeldvark's ghost hits you.
You die...

##### #...# #...# ######
#...# #....# #..@########
#....#.# #..W.......#
....?#.# #..........#
#....#.# #..........#
#....#.# #..........#
#W...#.# .#..........#
#....#.# ..##.........# #
##'###.###...##.........###.#
#...W...'..................+


You could see eeldvark's ghost.

Vanquished Creatures
  An orc priest (D:3)
  A worker ant (D:3)
  A killer bee zombie (D:6)
  5 adders
  A worm (D:3)
  2 orcs (D:3)
  3 giant cockroaches
  3 goblins
  10 hobgoblins
  5 jackals
  A quokka (D:2)
  A ball python (D:1)
  6 bats
  A giant newt (D:3)
  7 kobolds
  7 rats
55 creatures vanquished.

Notes
Turn   | Place    | Note
--------------------------------------------------------------
     0 | D:1      | Heskey the Hill Orc Fighter began the quest for the Orb.
     0 | D:1      | Reached XP level 1. HP: 19/19 MP: 1/1
   186 | D:1      | Reached XP level 2. HP: 18/27 MP: 2/2
   408 | D:2      | Reached skill level 4 in Fighting
   408 | D:2      | Reached XP level 3. HP: 28/33 MP: 3/3
   621 | D:2      | Found a sacrificial altar of Ru.
  1211 | D:3      | Reached XP level 4. HP: 32/40 MP: 4/4
  1355 | D:3      | Reached skill level 1 in Dodging
  1410 | D:3      | Reached XP level 5. HP: 37/47 MP: 5/5
  1598 | D:3      | Found a radiant altar of Vehumet.
  1847 | D:3      | Found an opulent altar of Gozag.
  1966 | D:3      | You fall through a shaft for 3 floors!
  1968 | D:6      | Noticed eeldvark's ghost (novice DsWn)
  2095 | D:6      | Slain by eeldvark's ghost

Action                   |  1- 3 |  4- 6 || total
-------------------------+-------+-------++-------
Melee: War axe           |    99 |   107 ||   206
  Use: Scroll            |     1 |       ||     1
  Eat: Chunk             |     1 |     2 ||     3
